Map: [ESL] Hardwire

Players

Has - Winner!

  • Race: Protoss Protoss
  • League: Diamond

Cyan

  • Race: Protoss Protoss

Event: IEM Katowice 2022

VOD

Have the link to the VOD?

Description

Time

  • Played on: Feb. 23, 2022, 5:14 a.m.
  • Length: 8:30

All games in this series

Show
View Real Time Build Order
Export as new Build Order

Has Protoss - Winner!

Build Orders: Phoenix Opening 

Get SALT Encoding   

  12  0:00  Probe  
  13  0:13  Probe  
  14  0:25  Probe  
  14  0:26  Pylon  
  15  0:44  Gateway, Probe (Chrono Boost)  
  16  0:56  Probe (Chrono Boost)  
  17  0:58  Assimilator  
  18  1:04  Pylon, Probe (Chrono Boost)  
  18  1:09  Pylon  
  18  1:11  Probe  
  19  1:21  Pylon  
  19  1:23  Probe  
  19  1:25  Assimilator  
  20  1:29  Zealot (Chrono Boost)  
  22  1:39  Cybernetics Core  
  22  1:40  Probe  
  23  1:55  Probe  
  24  2:05  Pylon  
  24  2:08  Probe  
  24  2:14  Adept (Chrono Boost)  
  25  2:16  Stargate  
  25  2:20  Probe  
  28  2:31  Warp Gate (Chrono Boost)  
  28  2:34  Pylon  
  28  2:36  Adept  
  29  2:43  Probe  
  29  2:47  Pylon  
  29  3:00  Phoenix  
  29  3:03  Gateway  
  31  3:10  Shield Battery  
  31  3:24  Phoenix  
  33  3:36  Probe  
  34  3:45  Gateway  
  32  3:49  Phoenix  
  32  3:52  Probe  
  33  4:13  Stalker x2  
  33  4:14  Phoenix (Chrono Boost)  
  39  4:17  Pylon  
  39  4:33  Phoenix (Chrono Boost)  
  41  4:41  Stalker x2  
  41  4:45  Pylon  
  37  5:07  Stalker x2  
  37  5:14  Nexus  
  42  5:26  Stalker  
  41  5:32  Stalker  
  43  5:36  Stalker  
  43  5:39  Probe  
  46  5:54  Robotics Facility  
  46  5:57  Probe (Chrono Boost)  
  46  6:00  Sentry  
  49  6:06  Shield Battery  
  49  6:09  Probe (Chrono Boost)  
  50  6:14  Probe (Chrono Boost)  
  51  6:24  Probe  
  53  6:25  Probe  
  53  6:35  Stalker  
  53  6:36  Stalker x2  
  53  6:38  Warp Prism (Chrono Boost)  
  59  6:46  Pylon  
  60  6:51  Gateway  
  60  6:57  Gateway  
  60  7:10  Stalker x2  
  60  7:15  Pylon  
  64  7:18  Observer  
  64  7:21  Probe  
  66  7:28  Pylon  
  67  7:34  Stalker x2  
  70  7:37  Probe x2  
  68  7:47  Stalker  
  70  7:57  Probe  
  67  8:01  Stalker x3  
  73  8:10  Probe  
  70  8:14  Probe  
  71  8:28  Stalker x3  
Show
View Real Time Build Order
Export as new Build Order

Cyan Protoss 

Build Orders: Phoenix Opening 

Get SALT Encoding   

  12  0:00  Probe  
  13  0:12  Probe  
  14  0:17  Pylon  
  14  0:24  Probe (Chrono Boost)  
  15  0:36  Gateway, Probe (Chrono Boost)  
  16  0:44  Probe (Chrono Boost)  
  16  0:45  Assimilator  
  17  0:51  Probe  
  17  0:54  Assimilator  
  18  1:03  Probe  
  19  1:15  Probe  
  20  1:25  Cybernetics Core, Zealot  
  22  1:28  Pylon  
  22  1:32  Probe  
  23  1:46  Probe  
  24  1:59  Probe  
  24  2:01  Adept (Chrono Boost)  
  25  2:08  Shield Battery  
  27  2:11  Stargate  
  27  2:14  Probe  
  28  2:26  Probe  
  28  2:38  Probe  
  28  2:41  Warp Gate  
  28  2:43  Gateway  
  29  2:49  Shield Battery  
  29  2:54  Phoenix (Chrono Boost)  
  31  3:03  Pylon  
  31  3:20  Phoenix (Chrono Boost)  
  31  3:26  Pylon  
  32  3:27  Probe  
  30  3:39  Probe  
  30  3:41  Phoenix (Chrono Boost)  
  31  4:01  Probe  
  31  4:02  Phoenix (Chrono Boost)  
  34  4:08  Pylon  
  33  4:13  Probe  
  36  4:24  Phoenix (Chrono Boost)  
  36  4:32  Probe  
  37  4:40  Nexus  
  37  4:50  Phoenix  
  33  5:06  Stalker  
  33  5:09  Stalker  
  35  5:15  Shield Battery  
  33  5:29  Stalker  
  33  5:33  Stalker  
  37  5:39  Gateway  
  37  5:49  Stalker  
  37  5:52  Stalker  
  41  5:59  Twilight Council  
  41  6:01  Probe  
  40  6:08  Pylon  
  40  6:10  Stalker  
  42  6:29  Nexus  
  42  6:34  Probe (Chrono Boost)  
  43  6:46  Probe (Chrono Boost)  
  44  6:55  Probe (Chrono Boost)  
  44  6:56  Pylon  
  44  7:00  Probe  
  45  7:08  Sentry  
  48  7:10  Sentry  
  48  7:14  Probe  
  51  7:26  Probe (Chrono Boost)  
  51  7:29  Sentry  
  55  7:37  Probe (Chrono Boost)  
  55  7:42  Probe (Chrono Boost)  
  54  7:47  Shield Battery  
  54  7:48  Stalker  
  54  7:51  Shield Battery  
  54  7:54  Stalker  
  54  7:58  Stalker  
  38  8:14  Stalker  
  38  8:19  Stalker  
  40  8:24  Stalker  

Tags
 
Add a new tag
Caveats
  • Supply blocks, unpowered buildings, or Contaminate may cause inaccurate times.
  • Supply counts are checked every 10 seconds.